 Dungeon Crawl Stone Soup version 0.29.1-15-g9cfb28693d (console) character file.

Game seed: 4022343044156175652

93391 erker the Marksant (level 16, -8/120 HPs)
             Began as a Formicid Arcane Marksman on Apr 14, 2023.
             Was the Champion of Cheibriados.
             Mangled by a dire elephant simulacrum (13 damage)
             ... summoned by an orange crystal statue
             ... in an ice cave on Apr 15, 2023.
             The game lasted 03:49:56 (26753 turns).

erker the Marksant (Formicid Arcane Marksman)      Turns: 26753, Time: 03:49:56

Health: -8/120     AC: 17    Str: 32    XL:     16   Next: 56%
Magic:  3/28       EV: 16    Int: 34    God:    Cheibriados [******]
Gold:   2184       SH:  0    Dex: 29    Spells: 10/31 levels left

rFire   + . .      SeeInvis +   a - +3 hand crossbow (flame)
rCold   + + .      Faith    .   (no shield)
rNeg    . . .      Spirit   .   U - quicksilver dragon scales
rPois   +          Reflect  .   (helmet unavailable)
rElec   +          Harm     .   o - +0 cloak {rCorr}
rCorr   +          Rampage  .   (no gloves)
Will    ++...                   w - +0 pair of boots
Stlth   ++........              E - amulet of regeneration
HPRegen 1.10/turn               h - +4 ring of protection
MPRegen 0.21/turn               P - ring of protection from cold

@: mighty, resistant, portalling projectiles, very slow
A: permanent stasis, dig shafts and tunnels, antennae 3, four strong arms
a: Dig, Renounce Religion, Bend Time, Temporal Distortion, Slouch, Step From
Time


You were in an ice cave.
You worshipped Cheibriados.
Cheibriados was exalted by your worship.
You visited 4 branches of the dungeon, and saw 23 of its levels.
You also visited: Bailey, Ice Cave and Volcano.

You collected 2806 gold pieces.
You spent 622 gold pieces at shops.

Inventory:

Hand Weapons
 a - a +3 hand crossbow of flaming (weapon)
 b - a +3 dire flail of protection
 K - a +3 great sword
Missiles
 e - 14 curare-tipped darts
 g - 10 atropa-tipped darts
 F - a throwing net
Armour
 o - a +0 cloak of preservation (worn)
 w - a +0 pair of boots (worn)
 U - quicksilver dragon scales (worn)
 Z - a +0 troll leather armour
Jewellery
 h - a +4 ring of protection (left hand)
 v - a ring of flight
 E - an amulet of regeneration (around neck)
 P - a ring of protection from cold (right hand)
Wands
 y - a wand of mindburst (17)
 C - a wand of roots (7)
 J - a wand of digging (8)
 M - a wand of light (1)
 Y - a wand of charming (9)
Scrolls
 i - 2 scrolls of butterflies
 k - 4 scrolls of vulnerability
 l - 3 scrolls of magic mapping
 n - 2 scrolls of torment
 r - 5 scrolls of identify
 t - 6 scrolls of enchant armour {unknown}
 u - 8 scrolls of poison
 x - 2 scrolls of silence {unknown}
 G - 5 scrolls of fear
 H - 6 scrolls of immolation
 N - a scroll of acquirement {unknown}
Potions
 d - 5 potions of might
 j - 3 potions of attraction
 m - a potion of heal wounds
 s - 4 potions of brilliance
 z - 5 potions of flight
 A - 3 potions of mutation
 L - 9 potions of curing
 Q - 3 potions of cancellation
Miscellaneous
 c - a tin of tremorstones (inert)
 V - a lightning rod (4/4)


   Skills:
 + Level 9.3 Fighting
 + Level 3.8 Maces & Flails
 - Level 16.0 Ranged Weapons
 - Level 6.0 Armour
 + Level 5.6 Dodging
 - Level 2.0 Stealth
 - Level 4.0 Shields
 + Level 8.3 Spellcasting
 - Level 14.0 Hexes
 + Level 7.4 Summonings
 - Level 6.0 Transmutations
 - Level 2.0 Fire Magic
 - Level 6.0 Air Magic
 - Level 4.0 Poison Magic
 + Level 7.9 Invocations
 - Level 4.0 Evocations


You had 10 spell levels left.
You knew the following spells:

 Your Spells              Type           Power      Damage    Failure   Level
a - Slow                  Hex            100%       N/A       0%          1
b - Poisonous Vapours     Pois/Air       96%        N/A       1%          2
f - Cause Fear            Hex            41%        N/A       1%          4
i - Inner Flame           Hex/Fire       62%        N/A       1%          3
l - Summon Lightning Spi  Summ/Air       56%        N/A       2%          4
n - Sting                 Tmut/Pois      100%       1d8       1%          1
t - Tukima's Dance        Hex            83%        N/A       1%          3
z - Portal Projectile     Hex/Tloc       100%       N/A       1%          3

Your spell library contained the following spells:

 Spells                   Type           Power      Damage    Failure   Level
 Shock                    Conj/Air       100%       1d9       1%          1
 Summon Small Mammal      Summ           100%       N/A       1%          1
 Silence                  Hex/Air        35%        N/A       1%          5
 Airstrike                Air            26%        2d(4-20)  3%          4
 Apportation              Tloc           28%        N/A       4%          1
 Necrotise                Necr           56%        1d6       4%          1
 Olgreb's Toxic Radiance  Pois           41%        N/A       9%          4
 Blade Hands              Tmut           26%        N/A       10%         5
 Lesser Beckoning         Tloc           14%        N/A       13%         3
 Passage of Golubria      Tloc           14%        N/A       38%         4
 Manifold Assault         Tloc           14%        N/A       75%         5
 Dragon Form              Tmut           26%        N/A       97%         7
 Storm Form               Tmut/Air       26%        N/A       97%         7
 Ozocubu's Refrigeration  Ice            7%         4d9       100%        7
 Ignition                 Fire           13%        3d6       100%        8
 Lehudib's Crystal Spear  Conj/Erth      7%         10d3      100%        8
 Maxwell's Capacitive Co  Air            26%        ∞         100%        8
 Dragon's Call            Summ           29%        N/A       100%        9
 Swiftness                Air            Unusable   N/A       N/A         3
 Blink                    Tloc           Unusable   N/A       N/A         2

Dungeon Overview and Level Annotations

Branches:
Dungeon (15/15)            Temple (1/1) D:7            Lair (5/5) D:11
 Shoals (0/4) Lair:2       Spider (0/4) Lair:2        Slime (0/5) Lair:4
    Orc (2/2) D:10            Elf (0/3) Orc:2        Vaults (0/5) D:14
 Depths (0/4) D:15         Bailey (visited)           IceCv (1/1)
Volcano (visited)

Altars:
Ashenzari
Cheibriados
Dithmenos
Elyvilon
Fedhas
Gozag
Hepliaklqana
Kikubaaqudgha
Makhleb
Nemelex Xobeh
Okawaru
Qazlal
Ru
Sif Muna
Trog
Uskayaw
Vehumet
Wu Jian
Xom
Yredelemnul
Zin
The Shining One
Jiyva

Shops:
D:10 (   D:12 *   D:14 [   Orc:2 =[*((

Annotations:
D:9 1 exclusion
D:14 3 runed translucent doors, Laowois's ghost, journeyman MiBe IceCv exclusion: orange crystal statue


Innate Abilities, Weirdness & Mutations

You cannot be hasted, slowed, berserked, paralysed or teleported.
You can dig through walls and to a lower floor.
You have a pair of large antennae on your head. (SInv)
Your four strong arms can wield two-handed weapons with a shield.


Message History

The dire elephant simulacrum struggles to escape constriction. x2
Fire: a) +3 hand crossbow (flame)
Press: ? - help, Q - select action, (/) - cycle Shift-Dir - straight line, f - orange crystal statue, p - dire elephant simulacrum
Aim: an orange crystal statue (97% to hit)
You magically shoot a bolt.
The bolt hits the orange crystal statue!!
The bolt burns the orange crystal statue.
The orange crystal statue is heavily damaged.
The grasping roots constrict the dire elephant simulacrum.
The grasping roots constrict the dire elephant simulacrum!
The roots release their grip on the dire elephant simulacrum.
Press: ? - help, v - describe, . - travel
Here: an orange crystal statue (heavily damaged)
The floor.
Unknown command.
Unknown command.
Unknown command.
Fire: a) +3 hand crossbow (flame)
Press: ? - help, Q - select action, (/) - cycle Shift-Dir - straight line, f/p - orange crystal statue
Aim: an orange crystal statue (heavily damaged, 97% to hit)
You magically shoot a bolt.
The bolt hits the orange crystal statue but does no damage.
The orange crystal statue is heavily damaged.
The grasping roots constrict the dire elephant simulacrum!
The roots release their grip on the dire elephant simulacrum.
The alligator simulacrum attacks as you move away!
The alligator simulacrum closely misses you.
The alligator simulacrum tail-slaps you but does no damage.
The dire elephant simulacrum attacks as you move away!
The dire elephant simulacrum closely misses you.
The dire elephant simulacrum trunk-slaps you but does no damage.
There is a transporter here.
You enter the transporter and appear at another place.
The alligator simulacrum bites you!
* * * LOW HITPOINT WARNING * * *
The alligator simulacrum freezes you. You resist.
* * * LOW HITPOINT WARNING * * *
The alligator simulacrum closely misses you.
The dire elephant simulacrum tramples you!
You die...

###############
#§.Z.$$8:)...∩#
#.....$)?.....#
##8..Z......8#
##8.......8#
##8..©..8##
###########
##...8©8...##
#..u..@.....#
##....ZZ.....##
#.............#
#....8...8....#
#.............#
##...........##
#...........#
#...........#
##.........##


You could see a white very ugly thing, an orange crystal statue, an alligator
simulacrum (summoned), 2 dire elephant simulacra and a golden dragon simulacrum
(summoned).

Vanquished Creatures
  A juggernaut zombie (D:15)
  A very ugly thing (IceCv)
  Nessos (Lair:5)
  2 boulder beetles
  3 centaur warriors
  A rakshasa (D:15)
  2 catoblepae (Lair:5)
  5 hydras
  4 two-headed ogres
  10 death yaks
  2 orc high priests (Orc:2)
  A skeletal warrior (D:15)
  Lodul (D:12)
  A lindwurm (Lair:4)
  4 orc knights
  A necromancer (D:15)
  A phantasmal warrior (D:15)
  A wizard (D:11)
  11 ugly things
  5 cyclopes
  Maurice (D:8)
  5 manticores
  26 elephants
  A frost giant skeleton (D:15)
  A fire giant skeleton (D:15)
  A molten gargoyle (Volcano)
  2 black mambas
  3 gargoyles
  12 cane toads
  2 freezing wraiths (IceCv)
  8 komodo dragons
  A rime drake (Lair:3)
  An anaconda simulacrum (IceCv)
  A kobold demonologist (D:6)
  A guardian mummy (D:15)
  A spriggan zombie (D:15)
  A tengu conjurer (D:13)
  3 trolls
  A polar bear (Lair:5)
  5 slime creatures (D:12)
  2 hornets
  13 blink frogs
  2 jumping spiders (Lair:2)
  2 culicivoras (Lair:2)
  2 vampires
  3 water elementals
  4 wyverns
  45 yaks
  3 fire bats (Orc:2)
  A wraith (D:13)
  2 basilisks
  2 fire elementals (Volcano)
  4 steam dragons
  6 vampire mosquitoes
  2 harpy simulacra (IceCv)
  3 wargs
  2 acid dragons
  A swamp worm (Lair:1)
  2 hydra simulacra (IceCv)
  14 water moccasins
  30 orc warriors
  4 ice beasts
  2 black bears
  10 ogres
  A phantom (D:6)
  4 centaurs
  13 kobold brigands
  14 bullfrogs
  3 scorpions
  5 wights (D:8)
  2 lindwurm simulacra (IceCv)
  An electric eel (D:14)
  2 howler monkeys
  5 hounds
  A jelly (D:7)
  23 orc priests
  4 iguanas
  9 orc wizards
  3 adders
  3 gnolls (D:3)
  An ufetubus (D:6)
  2 worms
  4 dart slugs
  46 orcs
  6 ball pythons
  2 bats (D:2)
  3 endoplasms (D:1)
  2 giant cockroaches
  12 hobgoblins
  7 jackals
  8 quokkas
  3 frilled lizards
  11 goblins
  45 kobolds
  2 rats (D:2)
543 creatures vanquished.

Vanquished Creatures (collateral kills)
  2 boulder beetles (D:12)
  A catoblepas (Lair:5)
  A centaur warrior (D:15)
  3 two-headed ogres (D:14)
  A tengu warrior (D:13)
  Urug (Lair:2)
  3 orc high priests (Orc:2)
  4 orc knights (Orc:2)
  A cyclops (D:12)
  9 slime creatures
  A manticore (Lair:5)
  An ugly thing (D:14)
  A salamander (shapeshifter) (D:13)
  A freezing wraith (D:14)
  A yaktaur (shapeshifter) (D:15)
  2 trolls (D:12)
  A jumping spider (Lair:2)
  A vampire (D:14)
  9 yaks
  A culicivora (Lair:2)
  5 vampire mosquitoes
  A hydra simulacrum (IceCv)
  4 orc warriors (Orc:2)
  Blork the orc (D:6)
  3 orc priests (Orc:2)
  An adder (D:6)
  A shadow imp (D:6)
  6 orcs
67 creatures vanquished.

Vanquished Creatures (others)
  A vampire mosquito (D:11)
  27 fungi
  70 plants
  A withered plant (D:15)
99 creatures vanquished.

Grand Total: 709 creatures vanquished

Notes
Turn   | Place    | Note
-------+----------+-------------------------------------------
     0 | D:1      | erker the Formicid Arcane Marksman began the quest for the
                  | Orb.
     0 | D:1      | Reached XP level 1. HP: 15/15 MP: 2/2
   367 | D:1      | Reached XP level 2. HP: 21/21 MP: 3/3
   698 | D:1      | Reached XP level 3. HP: 26/26 MP: 2/4
   744 | D:1      | Reached skill level 3 in Ranged Weapons
  1245 | D:2      | Reached XP level 4. HP: 32/32 MP: 5/5
  1252 | D:2      | Learned a level 4 spell: Cause Fear
  1977 | D:2      | Found a faded altar of an unknown god.
  2474 | D:3      | Reached skill level 4 in Ranged Weapons
  2515 | D:3      | Reached XP level 5. HP: 37/37 MP: 4/6
  3277 | D:3      | Reached skill level 5 in Hexes
  3277 | D:3      | Reached XP level 6. HP: 43/43 MP: 7/7
  3342 | D:4      | Reached skill level 5 in Ranged Weapons
  3443 | D:4      | Found a stormy altar of Qazlal.
  3743 | D:4      | Found a bloodstained altar of Trog.
  3963 | D:5      | Entered Level 5 of the Dungeon
  4153 | D:5      | Reached XP level 7. HP: 35/48 MP: 8/8
  4280 | D:5      | Reached skill level 6 in Ranged Weapons
  4335 | D:5      | Found an opulent altar of Gozag.
  4626 | D:5      | Found a glowing silver altar of Zin.
  4734 | D:5      | Reached skill level 1 in Armour
  5730 | D:6      | Reached XP level 8. HP: 53/56 MP: 10/10
  5872 | D:6      | Noticed a yak
  5872 | D:6      | Noticed a yak
  5927 | D:5      | Learned a level 1 spell: Sting
  5963 | D:5      | Killed a yak
  5999 | D:6      | Noticed a yak
  5999 | D:6      | Noticed a yak
  6054 | D:5      | Killed a yak
  6055 | D:5      | Reached skill level 7 in Ranged Weapons
  6418 | D:5      | Killed a yak
  6503 | D:5      | Killed a yak
  6578 | D:6      | Noticed a kobold demonologist
  6578 | D:6      | Noticed Blork the orc
  6775 | D:6      | Reached XP level 9. HP: 31/65 MP: 12/14
  7203 | D:6      | Reached skill level 8 in Ranged Weapons
  7963 | D:7      | Found a staircase to the Ecumenical Temple.
  7982 | Temple   | Entered the Ecumenical Temple
  8283 | Temple   | Became a worshipper of Cheibriados the Contemplative
  9185 | D:8      | Noticed a hornet
  9250 | D:8      | Reached skill level 9 in Ranged Weapons
  9419 | D:8      | Reached skill level 1 in Transmutations
  9419 | D:8      | Reached skill level 1 in Invocations
  9506 | D:8      | Reached XP level 10. HP: 73/73 MP: 12/16
  9517 | D:8      | Noticed Maurice
  9607 | D:8      | Reached skill level 5 in Fighting
  9691 | D:8      | Killed Maurice
  9691 | D:8      | Reached * piety under Cheibriados
  9692 | D:8      | Reached skill level 5 in Spellcasting
  9969 | D:8      | Reached skill level 10 in Ranged Weapons
 10317 | D:9      | Noticed a two-headed ogre
 10324 | D:9      | Killed a two-headed ogre
 10347 | D:9      | Found a flagged portal.
 10363 | Bailey   | Entered a bailey
 10636 | Bailey   | Learned a level 3 spell: Inner Flame
 10639 | Bailey   | Learned a level 2 spell: Poisonous Vapours
 10673 | Bailey   | Reached ** piety under Cheibriados
 10681 | Bailey   | Reached skill level 1 in Poison Magic
 10794 | Bailey   | Found a burning altar of Makhleb.
 10872 | D:9      | Found an iron altar of Okawaru.
 10900 | D:9      | Reached skill level 11 in Ranged Weapons
 11004 | D:9      | Reached XP level 11. HP: 78/81 MP: 18/18
 11319 | D:10     | Entered Level 10 of the Dungeon
 11415 | D:10     | Found a staircase to the Orcish Mines.
 11415 | D:10     | Found Joiralex's Weapon Shoppe.
 11482 | D:10     | Reached skill level 10 in Hexes
 12078 | D:10     | Reached skill level 12 in Ranged Weapons
 12403 | D:11     | Noticed a cyclops
 12405 | D:11     | Noticed a boulder beetle
 12409 | D:11     | Killed a cyclops
 12410 | D:11     | Reached skill level 1 in Stealth
 12442 | D:11     | Noticed a centaur warrior
 12444 | D:11     | Killed a boulder beetle
 12445 | D:11     | Reached skill level 1 in Fire Magic
 12706 | D:11     | Noticed a wizard
 12851 | D:11     | Killed a wizard
 12961 | D:11     | Noticed a two-headed ogre
 13129 | D:11     | Noticed a seven-headed hydra
 13265 | D:11     | Killed a seven-headed hydra
 13265 | D:11     | Reached *** piety under Cheibriados
 13420 | D:11     | Noticed a manticore
 13421 | D:11     | Noticed a cyclops
 13437 | D:11     | Killed a cyclops
 13441 | D:11     | Killed a manticore
 13691 | D:11     | Reached XP level 12. HP: 87/91 MP: 20/20
 13755 | D:11     | Killed a two-headed ogre
 13819 | D:11     | Found a staircase to the Lair.
 14068 | D:11     | Killed a centaur warrior
 14069 | D:11     | Reached skill level 13 in Ranged Weapons
 14069 | D:11     | Reached **** piety under Cheibriados
 14348 | D:11     | Noticed a two-headed ogre
 14386 | D:11     | Killed a two-headed ogre
 14387 | D:11     | Reached skill level 1 in Shields
 14722 | Lair:1   | Entered Level 1 of the Lair of Beasts
 14864 | Lair:1   | Reached skill level 1 in Air Magic
 14869 | Lair:1   | Learned a level 4 spell: Summon Lightning Spire
 15160 | Lair:1   | Reached skill level 1 in Summonings
 15880 | Lair:2   | Reached XP level 13. HP: 68/96 MP: 19/22
 15931 | Lair:2   | Reached ***** piety under Cheibriados
 16032 | Lair:2   | Noticed a five-headed hydra
 16052 | Lair:2   | Killed a five-headed hydra
 16127 | Lair:2   | Identified the ring of Gaym {rElec rPois rC- Int+6 Dex+3}
 16157 | Lair:2   | Noticed Urug
 16292 | Lair:3   | Reached skill level 14 in Ranged Weapons
 16292 | Lair:3   | Reached skill level 5 in Summonings
 16391 | Lair:3   | Identified the +5 hand axe of Verdant Punishment {protect,
                  | Fragile Fly Int+2 Dex+2}
 16745 | Lair:3   | Noticed an eight-headed hydra
 16761 | Lair:3   | Killed an eight-headed hydra
 16820 | Lair:3   | Reached skill level 1 in Evocations
 17559 | Lair:4   | Reached XP level 14. HP: 103/103 MP: 23/23
 17730 | Lair:4   | Reached skill level 5 in Invocations
 17771 | Lair:4   | Reached ****** piety under Cheibriados
 17782 | Lair:4   | Reached skill level 5 in Armour
 17786 | Lair:4   | Reached skill level 5 in Transmutations
 17817 | Lair:4   | Found a viscous altar of Jiyva.
 17817 | Lair:4   | Found a staircase to the Slime Pits.
 18507 | Lair:5   | Entered Level 5 of the Lair of Beasts
 18859 | Lair:5   | Noticed Nessos
 18878 | Lair:5   | Killed Nessos
 19617 | Lair:5   | Reached skill level 5 in Air Magic
 19738 | Lair:5   | Reached skill level 15 in Ranged Weapons
 20135 | Lair:2   | Found a staircase to the Shoals.
 20285 | Lair:2   | Reached XP level 15. HP: 110/110 MP: 18/25
 20289 | Lair:2   | Found a hole to the Spider Nest.
 20491 | Lair:2   | Killed Urug
 20550 | Orc:1    | Entered Level 1 of the Orcish Mines
 20713 | Orc:2    | Entered Level 2 of the Orcish Mines
 20759 | Orc:2    | Found Moetzum's Jewellery Emporium.
 20829 | Orc:2    | Found a dark tunnel.
 20839 | Volcano  | Entered a volcano
 21278 | Orc:2    | Found a staircase to the Elven Halls.
 21634 | Orc:2    | Reached skill level 16 in Ranged Weapons
 21985 | Orc:2    | Found Zosenisu's Antique Weapon Emporium.
 21985 | Orc:2    | Found Ruceozao's Antique Armour Emporium.
 21986 | Orc:2    | Found Orghoq's Antique Weapon Emporium.
 21986 | Orc:2    | Found Kimulim's Assorted Antiques.
 22006 | Orc:2    | Bought a scroll of identify for 58 gold pieces
 22017 | Orc:2    | Bought a glowing cloak for 165 gold pieces
 22319 | Orc:2    | Bought a ring of protection from cold for 375 gold pieces
 22652 | D:6      | Learned a level 3 spell: Portal Projectile
 22773 | D:6      | Killed Blork the orc
 23078 | D:12     | Noticed Lodul
 23084 | D:12     | Killed Lodul
 23162 | D:12     | Reached skill level 1 in Maces & Flails
 23326 | D:12     | Learned a level 3 spell: Tukima's Dance
 24123 | D:12     | Found Aczimuno's Assorted Antiques.
 24128 | D:12     | Bought a scroll labelled YPNOUXKOAPH for 24 gold pieces
 24609 | D:13     | Reached XP level 16. HP: 118/118 MP: 18/27
 24913 | D:14     | Found Cepuph's Antique Armour Boutique.
 24965 | D:14     | Reached skill level 5 in Dodging
 25137 | D:14     | Found a runed translucent gate.
 25137 | D:14     | Found a runed translucent gate.
 25168 | D:14     | Found a runed translucent gate.
 25170 | D:14     | Noticed Laowois's ghost (journeyman MiBe)
 25170 | D:14     | Found the +8 whip "Snakebite" {venom, curare, rPois}
 25830 | D:14     | Found a gate to the Vaults.
 26262 | D:15     | Entered Level 15 of the Dungeon
 26274 | D:15     | Found a staircase to the Depths.
 26531 | D:15     | Found a frozen archway.
 26551 | IceCv    | Entered an ice cave
 26673 | IceCv    | Found a transporter.
 26687 | IceCv    | Found a transporter.
 26753 | IceCv    | HP: 5/120 [alligator simulacrum[an orange crystal statue]
                  | (6)]
 26753 | IceCv    | Mangled by a dire elephant simulacrum

Illustrated notes

Levels and vault maps discovered:
D:1:      evilmike_arrival_hilbert_curve, layout_basic, serial_bayou,
          serial_bayou_ford_a, serial_bayou_crossing, serial_bayou_lagoon_a,
          serial_bayou_lake_a
D:2:      layout_basic, shapermc_ecumenical_altar_mp_vishouse
D:3:      layout_loops_ring
D:4:      layout_basic, mainiacjoe_overflow_paths, lemuel_tele_altar
D:5:      layout_basic, grunt_gozag_statues, kennysheep_little_box
D:6:      minmay_clustersquares, layout_loops_corners, uniq_blork_the_orc
D:7:      layout_loops_ring, minmay_temple_entry_ruins, minivault_24
D:8:      layout_loops_ring, uniq_maurice
D:9:      layout_irregular_city, mainiacjoe_overflow_24_doors, enter_bailey_3
D:10:     layout_basic, orc_david_3, nicolae_zen_rock_garden, chequers_jeans
D:11:     layout_roguey, minmay_lair_entry_grove, minmay_joined_circles
D:12:     layout_roguey, serial_shops, nicolae_shop_hallway_plus,
          kennysheep_generic_room_2, uniq_lodul
D:13:     layout_small_grid
D:14:     layout_layer_cave, david_vaults_1, serial_shops,
          nicolae_shop_statue_plus, gammafunk_ghost_spectres, serial_rivers,
          chequers_serial_rivers_small_b, chequers_serial_rivers_room_b,
          chequers_serial_rivers_room_a, chequers_serial_rivers_large_a,
          chequers_serial_rivers_micro_a, minivault_14
D:15:     gammafunk_depths_entry_grave, layout_rooms,
          portal_ice_cave_entry_pillars_2, lemuel_doored_altar, st_stairs_1,
          dk_noncrumbling_4, minmay_st_funbox, minmay_misc_feat_rugged
Temple:   minmay_temple_bridge_d
Lair:1:   layout_cave_pods, worms_lemuel, lemuel_fruit_fields
Lair:2:   layout_misc_corridors, elwin_shoals_entry_rocks,
          nicolae_spider_entry_tight_spaces, uniq_urug
Lair:3:   layout_loops_ring
Lair:4:   layout_cave_pods, slime_entry_1, minivault_23,
          minmay_stone_trees_small, grunt_megastairs_1
Lair:5:   evilmike_catoblepas_cave, layout_layer_cave,
          infiniplex_staircase_pool, grunt_megastairs_4, lemuel_fruit_tree,
          uniq_nessos
Orc:1:    layout_caves, gammafunk_ghost_wrathful_warriors, serial_shops, shop
Orc:2:    st_orc_pillars, layout_diamond_mine, nicolae_volcano_entry_batcave,
          serial_shops, nicolae_lakefront_shop
IceCv:    ice_cave_statue_garden_transporter

Skill      XL: |  1  2  3  4  5  6  7  8  9 10 11 12 13 14 15 16 |
---------------+-------------------------------------------------+-----
Hexes          | 4 5 6 7 8 9 10 11 12 13 14 | 14.0
Ranged Weapons | 3 4 5 6 7 9 11 12 13 14 15 16 | 16.0
Armour         | 1 2 4 6 |  6.0
Fighting       | 2 3 4 6 7 8 9 |  9.3
Spellcasting   | 3 4 5 6 7 8 |  8.3
Transmutations | 1 2 3 4 6 |  6.0
Invocations    | 1 2 4 6 7 |  7.9
Poison Magic   | 1 3 4 |  4.0
Dodging        | 2 4 5 |  5.6
Stealth        | 2 |  2.0
Fire Magic     | 2 |  2.0
Shields        | 3 4 |  4.0
Air Magic      | 3 4 5 6 |  6.0
Summonings     | 3 5 6 7 |  7.4
Evocations     | 2 3 4 |  4.0
Maces & Flails | 2 3 |  3.8

Action                   |  1- 3 |  4- 6 |  7- 9 | 10-12 | 13-15 | 16-18 || total
-------------------------+-------+-------+-------+-------+-------+-------++-------
Melee: Short sword       |       |       |    59 |    22 |       |       ||    81
       Long sword        |       |       |    32 |       |       |       ||    32
       Punch             |       |       |     2 |     1 |       |       ||     3
       Great sword       |       |       |       |    21 |       |       ||    21
 Fire: Sling             |   105 |   271 |    92 |       |       |       ||   468
       Hand crossbow     |       |       |   107 |   470 |   929 |   201 ||  1707
Throw: Throwing net      |       |       |       |     1 |       |       ||     1
       Dart              |       |       |       |       |     2 |       ||     2
 Cast: Slow              |     8 |    38 |    47 |    12 |       |       ||   105
       Sting             |       |       |    27 |       |       |       ||    27
       Cause Fear        |       |       |    11 |    40 |    30 |     6 ||    87
       Poisonous Vapours |       |       |       |    36 |     3 |       ||    39
       Inner Flame       |       |       |       |     3 |    16 |       ||    19
       Summon Lightning  |       |       |       |       |    55 |    20 ||    75
       Portal Projectile |       |       |       |       |     2 |     4 ||     6
       Tukima's Dance    |       |       |       |       |     1 |     4 ||     5
Invok: Temporal Distorti |       |       |       |       |       |    10 ||    10
       Bend Time         |       |       |       |       |       |     1 ||     1
 Abil: Dig               |       |       |       |     2 |     3 |     1 ||     6
Evoke: Wand              |       |       |    10 |    10 |     7 |     3 ||    30
       Tin of tremorston |       |       |       |     1 |       |     2 ||     3
  Use: Scroll            |       |       |       |    15 |    13 |     5 ||    33
       Potion            |       |       |       |       |     1 |    12 ||    13
 Stab: Sleeping          |       |       |     1 |       |       |       ||     1
Armor: Robe              |    15 |    37 |    68 |     9 |       |       ||   129
       Acid dragon scale |       |       |       |    12 |       |       ||    12
       Quicksilver drago |       |       |       |   130 |   228 |    85 ||   443
       Steam dragon scal |       |       |       |     6 |       |       ||     6
Dodge: Dodged            |    16 |    97 |    95 |   169 |   356 |   140 ||   873
Block: Tower shield      |       |       |       |    12 |       |       ||    12
